 Dungeon Crawl Stone Soup version 0.27-a0-1116-g91b3acb402 (webtiles) character file.

Game seed: 8357729819170802597

33432 pokeman the Eclecticist (level 13, -9/74 HPs)
             Began as a Deep Elf Hedge Wizard on May 1, 2021.
             Was a High Priest of Vehumet.
             Shot with an arrow by a centaur warrior (12 damage)
             ... on level 13 of the Dungeon.
             The game lasted 01:01:43 (20309 turns).

pokeman the Eclecticist (Deep Elf Hedge Wizard)    Turns: 20309, Time: 01:01:44

Health: -9/74      AC: 17    Str: 19    XL:     13   Next: 36%
Magic:  22/37      EV: 12    Int: 28    God:    Vehumet [*****.]
Gold:   1397       SH:  0    Dex: 14    Spells: 28/48 levels left

rFire    . . .     SeeInvis .   U - staff of conjuration
rCold    . . .     Faith    +   (no shield)
rNeg     . . .     Spirit   .   G - +0 swamp dragon scales
rPois    +         Reflect  .   V - +1 helmet {Int+3}
rElec    .         Harm     .   a - +2 cloak
rCorr    .         Rampage  .   H - +1 pair of gloves
Will     +....                  s - +0 pair of boots
Stlth    ++........             e - amulet of faith
HPRegen  0.22/turn              w - +6 ring of strength
MPRegen  0.25/turn              Q - +6 ring of strength

@: no status effects
A: no striking features
a: Renounce Religion


You were on level 13 of the Dungeon.
You worshipped Vehumet.
Vehumet was extremely pleased with you.
You visited 3 branches of the dungeon, and saw 17 of its levels.
You also visited: Ice Cave.

You collected 1837 gold pieces.
You spent 440 gold pieces at shops.

Inventory:

Hand Weapons
 p - a +2 trident of venom
 u - a +0 arbalest
 x - a +0 shortbow
Missiles
 f - 300 arrows
 t - 130 bolts
 P - 2 curare-tipped darts
Armour
 a - a +2 cloak (worn)
 s - a +0 pair of boots (worn)
 G - +0 swamp dragon scales (worn)
 H - a +1 pair of gloves (worn)
 V - a +1 helmet of intelligence (worn)
Magical Staves
 U - a staff of conjuration (weapon)
Jewellery
 e - an amulet of faith (around neck)
 j - a +6 ring of strength
 n - a ring of willpower
 o - a ring of see invisible
 q - a +6 ring of strength
 r - an amulet of magic regeneration
 w - a +6 ring of strength (left hand)
 B - a ring of poison resistance
 Q - a +6 ring of strength (right hand)
Wands
 k - a wand of paralysis (7)
 y - a wand of iceblast (17)
 D - a wand of mindburst (8)
 I - a wand of acid (13)
Scrolls
 c - 3 scrolls of identify
 d - a scroll of fog
 g - a scroll of acquirement
 h - a scroll of enchant weapon
 i - 3 scrolls of teleportation
 l - 6 scrolls of magic mapping
 v - a scroll of brand weapon
 A - a scroll of blinking
 E - a scroll of fear
 R - a scroll of immolation
Potions
 m - 4 potions of heal wounds
 z - 4 potions of curing
 C - a potion of magic
 F - 2 potions of attraction
 L - a potion of haste
Miscellaneous
 b - a condenser vane
 T - a lightning rod (4/4)


   Skills:
 + Level 5.8 Fighting
 - Level 6.0 Armour
 - Level 3.0 Dodging
 - Level 3.1 Stealth
 * Level 18.0 Spellcasting
 + Level 11.2 Conjurations
 - Level 1.1 Summonings
 - Level 1.1 Translocations
 + Level 10.7 Fire Magic
 - Level 1.3 Air Magic
 - Level 3.0 Earth Magic
 - Level 1.1 Poison Magic
 - Level 1.0 Evocations


You had 28 spell levels left.
You knew the following spells:

 Your Spells              Type           Power      Damage    Failure   Level
a - Magic Dart            Conj           100%       1d8       1%          1
b - Mephitic Cloud        Conj/Pois/Air  66%        N/A       1%          3
c - Call Imp              Summ           31%        N/A       2%          2
d - Blink                 Tloc           N/A        N/A       2%          2
e - Conjure Flame         Conj/Fire      92%        6-21      1%          3
f - Stone Arrow           Conj/Erth      100%       3d13      1%          3
g - Starburst             Conj/Fire      46%        8x6d13    1%          6

Your spell library contained the following spells:

 Spells                   Type           Power      Damage    Failure   Level
 Irradiate                Conj/Tmut      35%        3d25      2%          5
 Slow                     Hex            25%        N/A       4%          2
 Gell's Gravitas          Tloc           15%        N/A       5%          3
 Confusing Touch          Hex            25%        N/A       9%          3
 Petrify                  Tmut/Erth      33%        N/A       16%         4
 Yara's Violent Unravell  Hex/Tmut       12%        3d7       21%         5
 Metabolic Englaciation   Hex/Ice        12%        N/A       61%         5
 Statue Form              Tmut/Erth      22%        N/A       93%         6
 Blade Hands              Tmut           12%        N/A       99%         6
 Dragon Form              Tmut           12%        N/A       100%        7


Dungeon Overview and Level Annotations

Branches:
Dungeon (15/15)            Temple (1/1) D:4            Lair (0/6) D:9
    Orc (1/2) D:11          IceCv (visited)
 Vaults: D:13-14     Depths: D:15

Altars:
Dithmenos
Gozag
Hepliaklqana
Nemelex Xobeh
Qazlal
Sif Muna
Trog
Vehumet
Wu Jian
Xom
Yredelemnul
The Shining One

Shops:
D:1 ?   D:10 [[:   D:11 (

Portals:
Trove: D:11 (give 16 potions of curing)


Message History

You feel a surge of power!
The bolt of fire hits the centaur warrior skeleton!!!
The centaur warrior skeleton is heavily damaged.
The bolt of fire misses the centaur warrior.
A troll comes into view.
The centaur warrior shoots an arrow.
The arrow barely misses you.
The kobold brigand throws a curare-tipped dart.
The curare-tipped dart hits you.
Unknown command.
A centaur comes into view.
The centaur warrior shoots an arrow.
The arrow completely misses you.
The deep elf pyromancer points at you and mumbles some strange words.
The sticky flame hits you but does no damage.
You are covered in liquid flames!
The kobold brigand throws a poisoned dart.
The poisoned dart misses you.
You hear a shout!
You are covered in liquid flames!
The kobold brigand throws a poisoned dart.
The poisoned dart barely misses you.
Casting: Starburst (dangerous; 1% risk of failure)
Confirm with . or Enter, or press ? or * to list all spells.
Casting: Starburst (dangerous; 1% risk of failure)
Press: ? - help, Dir - look around, f - activate
Okay, then.
Unknown command.
Unknown command.
You are covered in liquid flames!
You are covered in liquid flames!
* * * LOW HITPOINT WARNING * * *
A kobold comes into view. It is wielding a +0 whip.
You are covered in liquid flames!
* * * LOW HITPOINT WARNING * * *
The centaur warrior shoots an arrow.
The arrow barely misses you.
The kobold brigand throws a poisoned dart.
The poisoned dart hits you!
The centaur warrior shoots an arrow.
The arrow hits you!
* * * LOW HITPOINT WARNING * * *
x2 The centaur warrior shoots an arrow.
The arrow hits you!
You die...

.................#
##.......#######.##########.
######### #............
#....^....... #............
#.....###### #.###.# #.# #.#
#@###.# ########.....#
#............#
#.......z....#
#.....c......#
#..cK...###### #.......#
###.e#### #T.#


You could see a skeletal warrior, a centaur warrior, a deep elf pyromancer and a
kobold brigand.

Vanquished Creatures
  2 ice dragons (IceCv)
  A boulder beetle (D:11)
  3 hydras
  Erica (D:8)
  A centaur warrior (D:10)
  4 two-headed ogres
  A tengu warrior (D:13)
  3 skeletal warriors (D:11)
  A deep elf pyromancer (D:9)
  An orc sorcerer (Orc:1)
  4 ugly things
  A manticore (D:11)
  Joseph (D:8)
  2 ice statues (IceCv)
  Maggie (D:8)
  2 rime drakes (IceCv)
  2 kobold demonologists
  3 unseen horrors
  A komodo dragon (D:9)
  2 ice devils (D:14)
  An efreet (D:10)
  Prince Ribbit (D:6)
  3 hornets
  8 slime creatures
  3 trolls
  2 shadows (D:11)
  A wyvern (D:8)
  A spriggan (shapeshifter) (D:14)
  A basilisk (D:12)
  25 yaks
  4 wraiths
  Grum (D:9)
  An acid dragon (D:12)
  Menkaure (D:5)
  2 water moccasins
  8 orc warriors
  2 black bears
  14 ice beasts (IceCv)
  2 sky beasts
  6 ogres
  2 necrophages (D:4)
  3 wolves (D:9)
  6 centaurs
  4 kobold brigands
  A bullfrog (D:7)
  A gnoll sergeant (D:10)
  2 scorpions (D:5)
  A water moccasin zombie (D:6)
  A wyvern zombie (D:6)
  9 killer bees
  17 wights
  7 howler monkeys
  9 centaur zombies
  2 hounds
  7 orc priests
  A bullfrog skeleton (D:7)
  2 centaur skeletons
  2 iguanas
  A scorpion zombie (D:5)
  16 orc wizards
  2 hound skeletons (D:4)
  Robin (D:2)
  A gnoll (D:1)
  6 adders
  A shadow imp (D:5)
  A white imp (D:7)
  An adder skeleton (D:4)
  2 worms
  3 dart slugs
  34 orcs
  4 bats
  4 endoplasms
  4 giant cockroaches
  18 goblins
  8 hobgoblins
  5 jackals
  19 kobolds
  2 quokkas
  7 ball pythons
  6 frilled lizards
  5 rats
352 creatures vanquished.

Vanquished Creatures (collateral kills)
  A killer bee (D:10)
  A worm (D:2)
  A goblin (D:2)
  A jackal (D:5)
  A kobold (D:7)
5 creatures vanquished.

Vanquished Creatures (others)
  A jelly (shapeshifter) (D:10)
  A howler monkey zombie (D:10)
  36 plants (D:9)
38 creatures vanquished.

Grand Total: 395 creatures vanquished

Notes
Turn   | Place    | Note
-------+----------+-------------------------------------------
     0 | D:1      | pokeman the Deep Elf Hedge Wizard began the quest for the
                  | Orb.
     0 | D:1      | Reached XP level 1. HP: 10/10 MP: 7/7
   115 | D:1      | Found Viumiedgh's Magic Scroll Boutique.
   305 | D:1      | Reached XP level 2. HP: 15/15 MP: 6/9
   764 | D:1      | Reached skill level 5 in Spellcasting
   764 | D:1      | Reached XP level 3. HP: 20/20 MP: 2/11
   773 | D:1      | Learned a level 3 spell: Mephitic Cloud
   776 | D:1      | Learned a level 2 spell: Call Imp
   779 | D:1      | Learned a level 2 spell: Blink
   783 | D:1      | Learned a level 3 spell: Conjure Flame
  1571 | D:2      | Reached skill level 1 in Armour
  1610 | D:2      | Reached skill level 1 in Fighting
  2084 | D:2      | Reached XP level 4. HP: 25/25 MP: 4/13
  2151 | D:2      | Noticed Robin
  2205 | D:2      | Killed Robin
  2474 | D:2      | Found a faded altar of an unknown god.
  2888 | D:3      | Reached skill level 1 in Fire Magic
  2948 | D:3      | Found an opulent altar of Gozag.
  3081 | D:3      | Reached skill level 6 in Spellcasting
  3209 | D:3      | Reached XP level 5. HP: 29/29 MP: 10/15
  4117 | D:4      | Found a staircase to the Ecumenical Temple.
  4122 | Temple   | Entered the Ecumenical Temple
  4147 | Temple   | Became a worshipper of Vehumet
  4189 | D:4      | Noticed a necrophage
  4202 | D:4      | Killed a necrophage
  4203 | D:4      | Reached skill level 1 in Air Magic
  4203 | D:4      | Reached XP level 6. HP: 34/34 MP: 7/17
  4366 | D:4      | Reached skill level 7 in Spellcasting
  4812 | D:4      | Reached skill level 1 in Poison Magic
  5032 | D:5      | Entered Level 5 of the Dungeon
  5034 | D:5      | Identified the +4 dagger of Hepliaklqana {drain, rPois}
  5109 | D:5      | Noticed Menkaure
  5135 | D:5      | Killed Menkaure
  5136 | D:5      | Reached XP level 7. HP: 21/39 MP: 3/20
  5176 | D:5      | Reached skill level 8 in Spellcasting
  5801 | D:5      | Found a sparkling altar of Nemelex Xobeh.
  6143 | D:1      | Bought a scroll of magic mapping for 35 gold pieces
  6143 | D:1      | Bought 2 scrolls of magic mapping for 70 gold pieces
  6143 | D:1      | Bought a scroll of magic mapping for 35 gold pieces
  6143 | D:1      | Bought a scroll of identify for 20 gold pieces
  6425 | D:6      | Reached skill level 9 in Spellcasting
  6425 | D:6      | Reached XP level 8. HP: 45/45 MP: 16/23
  6538 | D:6      | Reached * piety under Vehumet
  6538 | D:6      | Offered knowledge of Freeze by Vehumet.
  6539 | D:6      | Reached skill level 5 in Conjurations
  6827 | D:6      | Found a shimmering blue altar of Sif Muna.
  6988 | D:6      | Reached skill level 10 in Spellcasting
  7276 | D:6      | Noticed Prince Ribbit
  7292 | D:6      | Killed Prince Ribbit
  7293 | D:6      | Reached XP level 9. HP: 50/50 MP: 18/25
  7686 | D:7      | Reached skill level 11 in Spellcasting
  7695 | D:7      | Reached skill level 5 in Fire Magic
  7701 | D:7      | Reached ** piety under Vehumet
  7701 | D:7      | Offered knowledge of Static Discharge by Vehumet.
  8773 | D:7      | Offered knowledge of Inner Flame by Vehumet.
  9133 | D:8      | Reached skill level 1 in Evocations
  9227 | D:8      | Reached skill level 12 in Spellcasting
  9246 | D:8      | Identified a scroll of acquirement
  9255 | D:8      | Reached *** piety under Vehumet
  9394 | D:8      | Reached XP level 10. HP: 8/56 MP: 28/28
  9747 | D:8      | Noticed Joseph
  9769 | D:8      | Killed Joseph
  9770 | D:8      | Reached skill level 13 in Spellcasting
 10109 | D:8      | Offered knowledge of Stone Arrow by Vehumet.
 10115 | D:8      | Learned a level 3 spell: Stone Arrow
 10169 | D:8      | Noticed Erica
 10183 | D:8      | Killed Erica
 10184 | D:8      | Reached skill level 1 in Earth Magic
 10188 | D:8      | Noticed Maggie
 10202 | D:8      | Killed Maggie
 10435 | D:8      | Noticed a two-headed ogre
 10448 | D:8      | Killed a two-headed ogre
 10589 | D:8      | Found a hazy altar of Hepliaklqana.
 10590 | D:8      | Found a shimmering altar of Xom.
 11127 | D:9      | Found an ornate altar of the Wu Jian Council.
 11130 | D:9      | Found a basalt altar of Yredelemnul.
 11133 | D:9      | Found a stormy altar of Qazlal.
 11135 | D:9      | Found a shadowy altar of Dithmenos.
 11176 | D:9      | Identified the +11 dagger of Ash {freeze, rC+}
 11210 | D:9      | Noticed Grum
 11213 | D:9      | Reached XP level 11. HP: 32/61 MP: 27/30
 11221 | D:9      | Killed Grum
 11431 | D:9      | Reached skill level 14 in Spellcasting
 11587 | D:9      | Reached **** piety under Vehumet
 11643 | D:9      | Noticed a two-headed ogre
 11649 | D:9      | Killed a two-headed ogre
 11735 | D:9      | Found a staircase to the Lair.
 12419 | D:9      | Noticed a deep elf pyromancer
 12426 | D:9      | Killed a deep elf pyromancer
 12426 | D:9      | Offered knowledge of Sticky Flame by Vehumet.
 12430 | D:10     | Entered Level 10 of the Dungeon
 12576 | D:10     | Found Toodd's Book Emporium.
 12598 | D:10     | Found a bloodstained altar of Trog.
 12817 | D:10     | Found Ownoan's Armour Boutique.
 12875 | D:10     | Reached skill level 5 in Fighting
 12904 | D:10     | Noticed a centaur warrior
 12923 | D:10     | Killed a centaur warrior
 12924 | D:10     | Reached skill level 15 in Spellcasting
 13339 | D:10     | Noticed a brown ugly thing
 13443 | D:10     | Killed a brown ugly thing
 14120 | D:10     | Found Yho Evifemn's Armour Shoppe.
 14124 | D:10     | Bought a +1 helmet of intelligence for 280 gold pieces
 14761 | D:11     | Noticed a two-headed ogre
 14763 | D:11     | Noticed a boulder beetle
 14768 | D:11     | Killed a two-headed ogre
 14769 | D:11     | Reached XP level 12. HP: 68/68 MP: 23/33
 14775 | D:11     | Killed a boulder beetle
 15049 | D:11     | Reached skill level 5 in Armour
 15241 | D:11     | Found a staircase to the Orcish Mines.
 15241 | D:11     | Found Keicexil's Weapon Shop.
 15427 | D:11     | Reached skill level 16 in Spellcasting
 15625 | D:11     | Found a portal to a secret trove of treasure.
 15840 | D:11     | Reached skill level 10 in Conjurations
 16307 | D:12     | Noticed a six-headed hydra
 16311 | D:12     | Killed a six-headed hydra
 16578 | D:12     | Reached ***** piety under Vehumet
 16578 | D:12     | Offered knowledge of Starburst by Vehumet.
 16581 | D:12     | Noticed an eight-headed hydra
 16595 | D:11     | Learned a level 6 spell: Starburst
 16618 | Orc:1    | Entered Level 1 of the Orcish Mines
 16832 | D:12     | Killed an eight-headed hydra
 16833 | D:12     | Reached skill level 10 in Fire Magic
 16836 | D:12     | Reached skill level 17 in Spellcasting
 17208 | D:12     | You fall into a shaft and drop 3 floors!
 17208 | D:15     | Entered Level 15 of the Dungeon
 17452 | D:14     | Found a frozen archway.
 17510 | IceCv    | Entered an ice cave
 18079 | IceCv    | Noticed an ice dragon
 18079 | IceCv    | Noticed an ice dragon
 18119 | IceCv    | Killed an ice dragon
 18120 | IceCv    | Reached XP level 13. HP: 72/72 MP: 18/36
 19751 | D:12     | Reached skill level 18 in Spellcasting
 20308 | D:13     | HP: 3/74 [centaur warrior/arrow (2)]
 20309 | D:13     | Shot with an arrow by a centaur warrior

Illustrated notes

Levels and vault maps discovered:
D:1:      lemuel_arrival_broad_hall, layout_loops_corners, serial_shops, shop,
          minmay_misc_feat_plants
D:2:      kennysheep_big_flooded_room, layout_basic,
          shapermc_ecumenical_altar_starsandcircs, uniq_robin
D:3:      layout_loops_ring, lemuel_coloured_pillars_altar
D:4:      layout_basic, temple_doors_e, kennysheep_generic_room_10
D:5:      layout_rooms, kennysheep_mini_moat, uniq_menkaure
D:6:      layout_loops_corners, amcnicky_altar_gilded, uniq_prince_ribbit1
D:7:      layout_basic, minmay_a_box_with_orc_wizards_in_it
D:8:      layout_loops_ring, regret_index_temple_of_mockery,
          due_unseen_surprise, uniq_joseph, uniq_erica, uniq_maggie
D:9:      layout_stronghold, minitemple, david_lair_shrubbed, uniq_grum
D:10:     layout_stronghold, overflow_temple_1_default, serial_shops, shop,
          nicolae_shop_stone, shop, nzn_random_ring
D:11:     layout_long_grid, orc_david_3, enter_trove_6
D:12:     layout_grid_maze, minivault_26
D:13:     layout_stronghold, hangedman_vaults_entry_quadrant_bands
D:14:     layout_stronghold, nicolae_wu_jian_immortal_techniques,
          portal_ice_cave_demonic_guard, uniq_roxanne, uniq_rupert
D:15:     hangedman_depths_entry_try_elsewhere_first, layout_loops_corners,
          minmay_misc_feat_encased
Temple:   minmay_temple_forest_path
Orc:1:    layout_caves, serial_shops, nicolae_shop_behind_doors,
          nicolae_orc_lava_room, uniq_maurice

Skill      XL: |  1  2  3  4  5  6  7  8  9 10 11 12 13 |
---------------+----------------------------------------+-----
Spellcasting   | 5 6 7 9 10 12 13 15 17 18 | 18.0
Armour         | 1 2 3 4 6 |  6.0
Conjurations   | 2 3 4 5 7 8 9 10 11 | 11.2
Fighting       | 1 2 3 4 5 |  5.8
Fire Magic     | 1 3 4 6 7 9 10 | 10.7
Dodging        | 3 |  3.0
Stealth        | 3 |  3.1
Air Magic      | 1 |  1.3
Poison Magic   | 1 |  1.1
Evocations     | 1 |  1.0
Earth Magic    | 3 |  3.0
Summonings     | |  1.1
Translocations | |  1.1

Action                   |  1- 3 |  4- 6 |  7- 9 | 10-12 | 13-15 || total
-------------------------+-------+-------+-------+-------+-------++-------
Melee: Dagger            |    11 |    34 |       |       |       ||    45
       Trident           |       |    14 |   109 |   153 |       ||   276
 Fire: Shortbow          |       |       |    60 |    53 |       ||   113
 Cast: Magic Dart        |    90 |   131 |    91 |    70 |       ||   382
       Call Imp          |     1 |     2 |     9 |    10 |       ||    22
       Mephitic Cloud    |       |     5 |    28 |    34 |     3 ||    70
       Conjure Flame     |       |     4 |    25 |    51 |     2 ||    82
       Blink             |       |     1 |     5 |     2 |     1 ||     9
       Stone Arrow       |       |       |       |   111 |     1 ||   112
       Starburst         |       |       |       |    26 |    33 ||    59
Evoke: Wand              |       |       |       |    20 |       ||    20
  Use: Scroll            |       |       |    15 |     6 |     4 ||    25
 Stab: Sleeping          |     2 |     2 |       |       |       ||     4
       Confused          |       |     4 |     7 |    14 |       ||    25
Armor: Robe              |     8 |    11 |       |       |       ||    19
       Animal skin       |       |    14 |    43 |     4 |       ||    61
       Skin              |       |     1 |       |       |       ||     1
       Leather armour    |       |       |       |    52 |       ||    52
       Swamp dragon scal |       |       |       |    37 |     7 ||    44
Dodge: Dodged            |    10 |    27 |    91 |    98 |    14 ||   240

Table legend: (Time is in decaauts)
 A = Elapsed time spent in this place.
 B = Non-inter-level travel time spent in this place.
 C = Inter-level travel time spent in this place.
 D = Time resting spent in this place.
 E = Time spent auto-exploring this place.
 F = Levels seen in this place.
 G = Mean time per level.
                   A        B        C        D        E       F      G
               +--------+--------+--------+--------+--------+-----+--------+
         Total |  20434 |  19124 |   1310 |   2500 |  13331 |  18 | 1135.2 |
       Dungeon |  19298 |  18016 |   1282 |   2139 |  12884 |  15 | 1286.5 |
        Temple |     95 |     67 |     28 |      0 |     19 |   1 |   95.0 |
  Orcish Mines |     28 |     28 |      0 |      0 |      0 |   1 |   28.0 |
      Ice Cave |   1012 |   1012 |      0 |    361 |    428 |   1 | 1012.0 |
               +--------+--------+--------+--------+--------+-----+--------+

Top non-repeatable levels by time:
     D:9: 2001 daAuts
    D:10: 1957 daAuts
     D:7: 1701 daAuts
     D:8: 1689 daAuts
    D:12: 1673 daAuts
     D:4: 1565 daAuts
     D:2: 1501 daAuts
    D:11: 1472 daAuts
     D:1: 1464 daAuts
     D:6: 1268 daAuts
   IceCv: 1012 daAuts
     D:3: 1000 daAuts
     D:5: 820 daAuts
    D:13: 758 daAuts
    D:14: 366 daAuts
